MURDERMAN3, chaotic male elven Priest ---- ----..-- --- |......--- -- ---..--........| ......|..^..........| |.............---- ---......%(%..| --- -- |..|[...%...-----..| ----.... --------...)...d%.--...-- - -......................................d.%.d......| -- ----- --- --- ------......----<.------- ---...-- |.-- |.... --- -..... ..|..- ------- MURDERMAN3 the Adept Experience level: 6 Strength: 13 Dexterity: 14 Constitution: 12 Intelligence: 8 Wisdom: 20 Charisma: 13 Health: 0(38) Energy: 89(89) Def: 4 Gold: 463 Moves: 3596 Dungeon seed: 4c4HwuH9XwRhKdgr Game ID: MURDERMAN3_1568829352 Your Inventory: Coins $ - 463 gold pieces Weapons a - a blessed +1 mace (weapon in hand) M - 9 blessed +0 darts Armor e - a +1 robe n - a +0 small shield (being worn) q - a blessed +0 cloak of invisibility (being worn) H - a +0 pair of iron shoes Y - a blessed +1 orcish helm (being worn) Comestibles d - a sprig of wolfsbane P - a partly eaten food ration Spellbooks f - a spellbook of cure blindness g - a spellbook of clairvoyance Potions b - 4 potions of holy water o - a potion of see invisible v - a potion of healing K - 2 potions of water Wands R - a wand of teleportation (0:4) Tools h - an oil lamp (0:1411) x - a sack I - a +0 pick-axe T - an oil lamp (0:1456) W - a towel X - 5 tallow candles (0:200) Gems r - a worthless piece of black glass y - a worthless piece of red glass z - a worthless piece of yellowish brown glass N - a worthless piece of violet glass Spells and supernatural/magical abilities: Name Level Category Fail Memory v - clairvoyance 3 divination 87% 83% B - cure blindness 2 healing 58% 83% W - pray for help -- divine ? -- X - turn undead -- divine ? -- Your skills at the end: Fighting Skills Weapon Skills mace [Basic] Spellcasting Skills clerical spells [Basic] Final Attributes: You were piously aligned. You were sleep resistant. You had infravision. You were invisible. You are dead. Vanquished creatures: a gnome king a gnome mummy 4 gnome lords a kitten 6 dwarves 2 hobbits 4 manes a large kobold a hobgoblin 2 giant rats 2 cave spiders a yellow mold a green mold 2 red molds 24 gnomes 5 geckos a jackal a kobold 5 goblins a sewer rat a grid bug 2 bats 3 lichens 8 newts 80 creatures vanquished. Voluntary challenges: You used a wielded weapon 111 times, starting on turn 239. You read items or engraved 4 times, starting on turn 5. You never genocided any monsters. You never polymorphed an object. You never changed form. You used no wishes. You never split a pudding. You never wrote Elbereth's name. You never violated your personal moral code. Dungeon overview: The Dungeons of Doom: levels 1 to 3 Level 1 an altar to Poseidon a long staircase Level 2 an altar to Hermes, a fountain Level 3 a general store, some fountains stairs to The Gnomish Mines The Gnomish Mines: levels 4 to 6 Level 4 stairs to The Dungeons of Doom Level 5 Level 6 <- You were here History has recorded: On T:1 you entered the Dungeons of Doom to retrieve the Amulet of Yendor! On T:483 you reached level 2 of The Dungeons of Doom. On T:749 you advanced to experience level 2. On T:1374 you advanced to experience level 3. On T:1395 you reached level 3 of The Dungeons of Doom. On T:1927 you advanced to experience level 4. On T:1979 you reached level 1 of The Gnomish Mines. On T:2159 you advanced to experience level 5. On T:2887 you reached level 2 of The Gnomish Mines. On T:3084 you advanced to experience level 6. On T:3500 you reached level 3 of The Gnomish Mines. Score breakdown: Gold: 463 ( 9070 points) Experience: 6 levels (12456 points) Exploration: 6 levels ( 12.50%) ( 9784 points) Discoveries: 10 items ( 3.51%) ( 5619 points) Valuables value: (no points given unless you survive) Artifact value: 0 ( 0 points) Variety of kills: 24 monsters ( 6.30%) ( 7529 points) Turncount: 3596 turns ( -867 points) Survival: died (score multiplied by 80%) Total score: 34872 Latest messages: Please move the cursor to an unknown object. A dwarf king [seen: normal vision, infravision] on the floor of a room. Please move the cursor to an unknown object. A dwarf king [seen: normal vision, infravision] on the floor of a room. Please move the cursor to an unknown object. A dwarf king [seen: normal vision, infravision] on the floor of a room. You hit the wolf! The wolf bites! You hit the wolf. The wolf bites! (2x) You hit the wolf! The wolf bites! (2x) You begin praying to Poseidon. The wolf bites! (3x) You die... The sack is empty. The sack is empty. Final status: Goodbye MURDERMAN3 the Priest, killed by a wolf, while praying... You died in The Gnomish Mines on dungeon level 6 with 34872 points, and 463 pieces of gold, after 3596 moves. You were level 6 with a maximum of 38 hit points when you died.